 Dungeon Crawl Stone Soup version 0.25-a0-479-g8579842fd4 (webtiles) character file.

Game seed: 13715605021299241060, levelgen mode: deterministic

32 kae the Sneak (level 3, -10/19 HPs)
             Began as a Kobold Enchanter on Feb 9, 2020.
             Mangled by an ogre
             ... wielding a +0 giant spiked club
              (29 damage)
             ... on level 2 of the Dungeon.
             The game lasted 00:02:01 (1570 turns).

kae the Sneak (Kobold Enchanter)                    Turns: 1570, Time: 00:02:02

Health: -10/19     AC:  2    Str:  5    XL:     3   Next: 45%
Magic:  1/7        EV: 15    Int: 16    God:
Gold:   63         SH:  0    Dex: 16    Spells: 1/7 levels left

rFire    . . .     SeeInvis .   a - +1 dagger
rCold    . . .     Gourm    .   (shield restricted)
rNeg     . . .     Faith    .   b - +0 robe
rPois    .         Spirit   .   (no helmet)
rElec    .         Reflect  .   (no cloak)
rCorr    .         Harm     .   (no gloves)
MR       .....                  (no boots)
Stlth    +++.......             (no amulet)
HPRegen  0.06/turn              (no ring)
MPRegen  0.10/turn              (no ring)

@: no status effects
A: small, carnivore
a: no special abilities


You were on level 2 of the Dungeon.
You were very full.

You visited 1 branch of the dungeon, and saw 2 of its levels.

You collected 63 gold pieces.

Inventory:

Hand Weapons
 a - a +1 dagger (weapon)
Armour
 b - a +0 robe (worn)
Jewellery
 j - an uncursed ring of see invisible {unknown}
Scrolls
 c - a scroll of immolation
 e - 2 scrolls of identify
 h - a scroll of remove curse {unknown}
Potions
 f - a potion of cancellation
 g - 2 potions of berserk rage
 i - a potion of lignification {unknown}
Comestibles
 d - 4 rations


   Skills:
 * Level 2.8 Short Blades
 - Level 2.4 Dodging
 - Level 4.0 Stealth
 * Level 2.9 Spellcasting
 + Level 3.2 Hexes


You had one spell level left.
You knew the following spells:

 Your Spells              Type           Power        Failure   Level  Hunger
a - Corona                Hex            ##.....      4%          1    #......
b - Ensorcelled Hibernat  Hex/Ice        #.....       14%         2    ##.....
c - Confusing Touch       Hex            ##......     14%         3    ###....

Your spell library contained the following spells:

 Spells                   Type           Power        Failure   Level  Hunger
 Tukima's Dance           Hex            ##......     14%         3    ###....
 Dazzling Flash           Conj/Hex       #.....       28%         3    ###....


Dungeon Overview and Level Annotations

Branches:
Dungeon (2/15)

Altars:
Hepliaklqana
Vehumet
The Shining One


Innate Abilities, Weirdness & Mutations

You are small and have problems with some larger weapons.
You are carnivorous and can eat meat at any time.


Message History

Casting: Ensorcelled Hibernation (safe; 14% risk of failure)
Confirm with . or Enter, or press ? or * to list all spells.
Aiming: Ensorcelled Hibernation (safe; 14% risk of failure)
Press: ? - help, Shift-Dir - straight line, f/p - ogre
Aim: an ogre, wielding a +0 giant spiked club (chance to defeat MR: 38%)
The ogre looks drowsy...
The helpless ogre fails to defend itself.
You impale the ogre!!
The ogre is severely wounded.
The ogre barely misses you.
You hit the ogre but do no damage.
The ogre is severely wounded.
The ogre barely misses you.
You hit the ogre.
The ogre is almost dead.
You hit the ogre.
The ogre is almost dead.
The ogre hits you with a +0 giant spiked club!!
Ouch! That really hurt!
You die...

#..# #..#.#..... #..#
#.......... #..#
###..#.#.#. #..#
#.†#.#.#. ########..#
#..#..... #.........#
#..#.....
#)######..#####..#.....
#.# ##...............#.
#.###.@.####..#.##.(###
#.##.O#### ##.......#..
#.#..###8# ##.##...#.#
#...##≈≈_# .#.#..†.#.#
#..##≈≈..# ...........
#..#≈≈...## #..#.##.#..
#..'...._8# ##.#. #....
##.#≈≈...## #..#. ###.#
#.##≈≈..# ..# #)#


You could see an ogre.

Vanquished Creatures
  An ooze (D:1)
  A leopard gecko (D:1)
  2 giant cockroaches
  2 hobgoblins (D:1)
  3 jackals (D:1)
  7 kobolds
  A ball python (D:1)
  2 bats (D:1)
  2 frilled lizards
  3 goblins (D:1)
  2 rats (D:1)
26 creatures vanquished.

Notes
Turn   | Place    | Note
-------+----------+-------------------------------------------
     0 | D:1      | kae the Kobold Enchanter began the quest for the Orb.
     0 | D:1      | Reached XP level 1. HP: 10/10 MP: 3/3
    18 | D:1      | You fall into a shaft and drop 1 floor!
   215 | D:1      | Reached XP level 2. HP: 15/15 MP: 3/5
   384 | D:1      | Found a glowing golden altar of the Shining One.
   598 | D:1      | Learned a level 2 spell: Ensorcelled Hibernation
   821 | D:1      | Reached XP level 3. HP: 15/19 MP: 1/7
   826 | D:1      | Learned a level 3 spell: Confusing Touch
  1513 | D:2      | Noticed an ogre
  1524 | D:2      | Found a radiant altar of Vehumet.
  1524 | D:2      | Found a glowing golden altar of the Shining One.
  1525 | D:2      | Found a hazy altar of Hepliaklqana.
  1570 | D:2      | Mangled by an ogre

Levels and vault maps discovered:
D:1:      mrwooster_arrival_arrow, layout_basic, serial_rivers,
          chequers_serial_rivers_micro_d, chequers_serial_rivers_large_a,
          chequers_serial_rivers_micro_c, chequers_serial_rivers_room_a,
          chequers_serial_rivers_micro_e, chequers_serial_rivers_small_a,
          tso_metal_star
D:2:      layout_loops_ring, gammafunk_temple_overflow_claw,
          minmay_strange_pillars, minmay_tetromino_o4, uniq_jessica

Skill      XL: |  1  2 |
---------------+-------+-----
Short Blades   | 2 |  2.8
Dodging        | |  2.4
Stealth        | |  4.0
Spellcasting   | |  2.9
Hexes          | |  3.2

Action                   || total
-------------------------++-------
Melee: Dagger            ||   105
 Cast: Corona            ||    11
       Ensorcelled Hiber ||    11
  Use: Potion            ||     1
       Scroll            ||     3
 Stab: Sleeping          ||    11
  Eat: Chunk             ||    10
Armor: Robe              ||    10
Dodge: Dodged            ||    73

Table legend:
 A = Non-vault XP
 B = Vault XP
 C = Vault XP percentage of total XP
 D = Non-vault monster count
 E = Vault monster count
 F = Vault count percentage of total count
                 A         B        C        D         E       F
            +---------+---------+-------+---------+---------+-------
      Total |      47 |       0 |   0.0 |      26 |       0 |   0.0
            +---------+---------+-------+---------+---------+-------
        D:1 |      43 |       0 |   0.0 |      23 |       0 |   0.0
        D:2 |       4 |       0 |   0.0 |       3 |       0 |   0.0
            +---------+---------+-------+---------+---------+-------
